 Dungeon Crawl Stone Soup version 0.31.0-11-ge490571c62 (webtiles) character file.

Game seed: 5293785759247709292

81 qw the Shooter (level 4, -12/25 HPs)
             Began as a Deep Elf Hunter on Feb 3, 2024.
             Mangled by an ogre
             ... wielding a +0 giant spiked club
              (21 damage)
             ... on level 3 of the Dungeon.
             The game lasted 00:00:09 (2172 turns).

qw the Shooter (Deep Elf Hunter)                    Turns: 2172, Time: 00:00:09

Health: -12/25     AC:  3    Str: 10    XL:     4   Next: 19%
Magic:  6/6        EV: 12    Int: 14    God:
Gold:   164        SH:  0    Dex: 18    Spells: 3/3 levels left

rFire   + . .        a - +0 shortbow
rCold   . . .        (shield currently unavailable)
rNeg    . . .        e - +0 leather armour {rF+}
rPois   .            (no helmet)
rElec   .            (no cloak)
rCorr   .            (no gloves)
SInv    .            (no boots)
Will    .....        d - amulet of the acrobat
Stlth   ++           (no ring)
HPRegen 0.24/turn    (no ring)
MPRegen 0.10/turn

%: acrobat
@: no status effects
A: no striking features
a: no special abilities


You were on level 3 of the Dungeon.
You visited 1 branch of the dungeon, and saw 3 of its levels.

You collected 164 gold pieces.


   Skills:
 - Level 1.5 Fighting
 + Level 7.6 Ranged Weapons
 - Level 2.4 Dodging
 - Level 1.2 Stealth


You had 3 spell levels left.
You didn't know any spells.
Your spell library was empty.

Inventory:

Hand Weapons
 a - a +0 shortbow (weapon)
Armour
 e - a +0 leather armour of fire resistance (worn)
 m - a +0 scale mail
Jewellery
 d - an amulet of the acrobat (around neck)
Wands
 p - a wand of polymorph (8)
Scrolls
 b - a scroll of silence {unknown}
 c - 2 scrolls of teleportation {unknown}
 l - 2 scrolls of identify
 n - a scroll of poison {unknown}
 o - a scroll of immolation {unknown}
Potions
 f - a potion of mutation
 g - a potion of curing
 h - a potion of might {unknown}
 i - 2 potions of heal wounds
 j - a potion of haste {unknown}
 k - a potion of lignification {unknown}

Dungeon Overview and Level Annotations

Branches:
Dungeon (3/15)

Altars:

Shops:
D:1 (


Message History

You shoot an arrow. The arrow barely misses the orc.
The arrow closely misses the orc.
The orc shouts!
You hear a shout!
An ogre comes into view. It is wielding a +0 giant spiked club.
Enter note:
Enter note:
Enter note: You shoot an arrow.
The arrow hits the orc!
You kill the orc!
You shoot an arrow. The arrow closely misses the orc.
You shoot an arrow. The arrow hits the orc!
You kill the orc!
You shoot an arrow. The arrow closely misses the orc.
The arrow hits the ogre.
The ogre is lightly wounded.
You shoot an arrow. The arrow hits the orc.
The orc is heavily wounded.
The orc misses you.
An orc comes into view. It is wielding a +0 club.
The orc barely misses you.
You shoot an arrow. The orc shouts!
The arrow hits the orc!
You kill the orc!
You shoot an arrow. The arrow hits the ogre!
The ogre is heavily wounded.
You shoot an arrow. The arrow hits the ogre.
The ogre is severely wounded.
The ogre hits you with a +0 giant spiked club!
Ouch! That really hurt!
You shoot an arrow. The arrow hits the ogre.
The ogre is severely wounded.
You shoot an arrow. The arrow completely misses the ogre.
The arrow barely misses the orc.
The ogre misses you.
You shoot an arrow. The arrow hits the ogre.
The ogre is severely wounded.
The ogre hits you with a +0 giant spiked club!!
Ouch! That really hurt!
You die...

##..#.......#
...###......## ...
.#.##........# ...
.#...........# ..
....#........# .)
.#.##%.)%..### ###)
.#....#...## #o)
.)%#..#..## #O#
##...)#.## #@#
#.......##### #.#
....).......####.#
...##)..###...##.#
...##....####.##.# .
...#...#.####...[##.
...#.#....(.##..##..
..##.###.#......##.#
.###.###.##.#%..##.####


You could see an ogre and an orc.

Vanquished Creatures
  An adder (D:2)
  A dart slug (D:1)
  A ribbon worm (D:3)
  6 orcs (D:3)
  5 ball pythons
  3 endoplasms (D:1)
  7 giant cockroaches
  5 goblins
  3 hobgoblins
  4 quokkas
  5 bats
  4 frilled lizards
  8 kobolds
  4 rats
57 creatures vanquished.

Notes
Turn   | Place    | Note
-------+----------+-------------------------------------------
     0 | D:1      | qw the Deep Elf Hunter began the quest for the Orb.
     0 | D:1      | Reached XP level 1. HP: 12/12 MP: 3/3
     0 | D:1      | 0 ||| qw: Version: 0.3-a-157-g843a77d
     0 | D:1      | 0 ||| qw: Game counter: 3849
     0 | D:1      | 0 ||| qw: Melee chars always use a shield: true
     0 | D:1      | 0 ||| qw: God list: Okawaru
     0 | D:1      | 0 ||| qw: Allow faded altars: false
     0 | D:1      | 0 ||| qw: Do Orc after clearing Dungeon:15 true
     0 | D:1      | 0 ||| qw: Do second Lair branch before Depths: true
     0 | D:1      | 0 ||| qw: Lair rune preference: random
     0 | D:1      | 0 ||| qw: Goals: Normal
     0 | D:1      | 0 ||| PLANNING D:1-11
   208 | D:1      | Reached XP level 2. HP: 16/16 MP: 4/4
   218 | D:1      | Reached skill level 6 in Ranged Weapons
   279 | D:1      | Found Dempuekhluli's Weapon Shoppe.
   742 | D:1      | 742 ||| READING scroll labelled LUABBUKL ECETT.
   743 | D:1      | 743 ||| READING scroll labelled YMEPNET QEMA.
   743 | D:1      | 743 ||| ENCHANTING +0 shortbow.
   744 | D:1      | 744 ||| READING scroll labelled CIEZU AMYBBE.
   745 | D:1      | 745 ||| DRINKING 2 blue potions.
   746 | D:1      | 746 ||| DRINKING 3 amethyst potions.
   747 | D:1      | 747 ||| DROPPING scroll of butterflies.
   876 | D:2      | Reached XP level 3. HP: 12/20 MP: 5/5
   878 | D:2      | 878 ||| FLEEEEING.
   879 | D:2      | 879 ||| FLEEEEING.
   880 | D:2      | 880 ||| FLEEEEING.
   881 | D:2      | 881 ||| FLEEEEING.
   882 | D:2      | 882 ||| FLEEEEING.
   883 | D:2      | 883 ||| FLEEEEING.
   884 | D:2      | 884 ||| FLEEEEING.
   885 | D:2      | 885 ||| FLEEEEING.
   886 | D:2      | 886 ||| FLEEEEING.
   887 | D:2      | 887 ||| FLEEEEING.
   888 | D:2      | 888 ||| FLEEEEING.
   889 | D:2      | 889 ||| FLEEEEING.
   890 | D:2      | 890 ||| FLEEEEING.
   891 | D:2      | 891 ||| FLEEEEING.
   892 | D:2      | 892 ||| FLEEEEING.
   893 | D:2      | 893 ||| FLEEEEING.
   894 | D:2      | 894 ||| FLEEEEING.
   895 | D:2      | 895 ||| FLEEEEING.
   896 | D:2      | 896 ||| FLEEEEING.
   897 | D:2      | 897 ||| FLEEEEING.
   898 | D:2      | 898 ||| FLEEEEING.
   899 | D:2      | 899 ||| FLEEEEING.
   900 | D:2      | 900 ||| FLEEEEING.
   901 | D:2      | 901 ||| FLEEEEING.
   902 | D:2      | 902 ||| FLEEEEING.
   903 | D:2      | 903 ||| FLEEEEING.
   904 | D:2      | 904 ||| FLEEEEING.
   905 | D:2      | 905 ||| FLEEEEING.
   906 | D:2      | 906 ||| FLEEEEING.
   907 | D:2      | 907 ||| FLEEEEING.
   908 | D:2      | 908 ||| FLEEEEING.
   909 | D:2      | 909 ||| FLEEEEING.
   910 | D:2      | 910 ||| FLEEEEING.
   911 | D:2      | 911 ||| FLEEEEING.
   912 | D:2      | 912 ||| FLEEEEING.
   913 | D:2      | 913 ||| FLEEEEING.
   914 | D:2      | 914 ||| FLEEEEING.
   915 | D:2      | 915 ||| FLEEEEING.
   916 | D:2      | 916 ||| FLEEEEING.
   917 | D:2      | 917 ||| FLEEEEING.
   918 | D:2      | 918 ||| FLEEEEING.
   919 | D:2      | 919 ||| FLEEEEING.
  1078 | D:2      | 1078 ||| FLEEEEING.
  1174 | D:2      | Found a faded altar of an unknown god.
  1461 | D:2      | Reached skill level 7 in Ranged Weapons
  1712 | D:2      | 1712 ||| UPGRADING to +0 leather armour of fire resistance.
  1722 | D:2      | 1722 ||| DROPPING +0 leather armour.
  1723 | D:2      | 1723 ||| UPGRADING to amulet of the acrobat.
  1728 | D:2      | 1728 ||| READING scroll labelled TOMOXT NOIGREDD.
  1729 | D:2      | 1729 ||| READING scroll labelled JYLON YGHEOQA.
  1730 | D:2      | 1730 ||| READING scroll labelled REFEULU VANIS.
  1730 | D:2      | 1730 ||| IDENTIFYING smoky brown potion
  1731 | D:2      | 1731 ||| READING 3 scrolls labelled SAICVO SONOOHI.
  1732 | D:2      | 1732 ||| DROPPING 2 scrolls of noise.
  1980 | D:3      | Reached XP level 4. HP: 25/25 MP: 6/6
  2161 | D:3      | Noticed an ogre
  2172 | D:3      | Mangled by an ogre

Levels and vault maps discovered:
D:1:      psy_arrival_fountain, layout_basic, serial_shops,
          nicolae_shop_tiny_statue_garden
D:2:      layout_basic, shapermc_ecumenical_altar_flowoftime,
          minmay_pentomino_v4
D:3:      layout_rooms

Skill      XL: |  1  2  3 |
---------------+----------+-----
Ranged Weapons | 6 7 |  7.6
Fighting       | |  1.5
Dodging        | |  2.4
Stealth        | |  1.2

Action                     |  1- 3 |  4- 6 || total
---------------------------+-------+-------++-------
   Fire: Shortbow          |   133 |    30 ||   163
    Use: Scroll            |     7 |       ||     7
         Potion            |     2 |       ||     2
 Armour: Leather armour    |    27 |     4 ||    31
  Dodge: Dodged            |    22 |     8 ||    30

Table legend:
 A = Non-vault XP
 B = Vault XP
 C = Vault XP percentage of total XP
 D = Non-vault monster count
 E = Vault monster count
 F = Vault count percentage of total count
                 A         B        C        D         E       F
            +---------+---------+-------+---------+---------+-------
      Total |      98 |      18 |  15.5 |      53 |       4 |   7.0
            +---------+---------+-------+---------+---------+-------
        D:1 |      34 |       0 |   0.0 |      20 |       0 |   0.0
        D:2 |      13 |      18 |  58.1 |       8 |       4 |  33.3
        D:3 |      51 |       0 |   0.0 |      25 |       0 |   0.0
            +---------+---------+-------+---------+---------+-------
